 Dungeon Crawl Stone Soup version 0.22-a0-515-g75794bf (webtiles) character file.

109210 epen the Covert (level 16, -11/86 HPs)
             Began as a Vine Stalker Assassin on June 20, 2018.
             Was the Champion of Dithmenos.
             Mangled by a four-headed hydra (16 damage)
             ... on level 3 of the Swamp.
             The game lasted 01:11:34 (27089 turns).

epen the Covert (Vine Stalker Assassin)            Turns: 27089, Time: 01:11:34

Health: -11/86     AC: 10    Str: 15    XL:     16   Next: 51%
Magic:  0/25       EV: 22    Int: 11    God:    Dithmenos [******]
Gold:   20         SH:  0    Dex: 26    Spells: 19/20 levels left

rFire    . . .     SeeInvis .   G - +9 quick blade (pierce)
rCold    . . .     Gourm    .   (no shield)
rNeg     . . .     Faith    .   J - +2 robe "Fueka" {Dex+4}
rPois    +         Spirit   +   l - +1 hat
rElec    .         Reflect  .   A - +1 cloak
rCorr    +         Harm     .   h - +2 pair of gloves {archery}
MR       ++...                  (no boots)
Stlth    ++++++....             y - amulet of regeneration
HPRegen  1.44/turn              i - ring of poison resistance
MPRegen  0.19/turn              r - ring of resist corrosion

@: about to teleport, very slightly contaminated, wreathed by umbra, studying
Dodging, invisible, very slow
A: fangs 3, sense surroundings 1, regeneration 2, magic shield, antimagic bite,
no potion heal 3, rot immunity
a: Shadow Step, Shadow Form, Renounce Religion


You were on level 3 of the Swamp.
You worshipped Dithmenos.
Dithmenos was exalted by your worship.
You were not hungry.

You visited 4 branches of the dungeon, and saw 26 of its levels.
You also visited: Ice Cave.

You collected 2600 gold pieces.
You spent 2580 gold pieces at shops.

Inventory:

Hand Weapons
 b - a +1 blowgun
 G - a +9 quick blade of piercing (weapon)
Missiles
 e - 146 poisoned needles
 v - 2 curare-tipped needles
 w - 3 needles of confusion
 B - 9 needles of frenzy
 K - 2 throwing nets (quivered)
Armour
 h - a +2 pair of gloves of archery (worn)
 l - a +1 hat (worn)
 A - a +1 cloak (worn)
 D - a cursed -1 buckler
 J - the +2 robe "Fueka" (worn) {Dex+4}
   (You found it on level 15 of the Dungeon)

   It affects your dexterity (+4).
 W - a +2 robe of cold resistance
 X - +0 steam dragon scales
Jewellery
 c - an uncursed ring of protection from magic
 i - a ring of poison resistance (left hand)
 r - a ring of resist corrosion (right hand)
 y - an amulet of regeneration (around neck)
 H - an uncursed ring of ice
 N - an uncursed ring of fire
 T - an uncursed ring of positive energy
Wands
 d - a wand of paralysis (63)
 E - a wand of digging (32)
 L - a wand of enslavement (28)
 V - a wand of clouds (4)
Scrolls
 k - 4 scrolls of remove curse
 o - 4 scrolls of teleportation
 p - 7 scrolls of amnesia
 s - 5 scrolls of identify
 u - 3 scrolls of fear
 F - 4 scrolls of torment
 M - 3 scrolls of summoning
 Y - a scroll of enchant armour
 Z - a scroll of fog
Potions
 f - a potion of invisibility
 j - 3 potions of flight
 n - 7 potions of curing
 q - 2 potions of magic
 t - 2 potions of cancellation
 x - 2 potions of brilliance
 z - 2 potions of agility
 C - 4 potions of lignification
 O - a potion of mutation
 P - 3 potions of haste
 Q - a potion of resistance
 R - 2 potions of ambrosia
Books
 a - a manual of Dodging
Miscellaneous
 S - a lamp of fire
Comestibles
 g - 37 rations


   Skills:
 + Level 10.7 Fighting
 * Level 14.3 Short Blades
 + Level 9.1 Throwing
 + Level 9.7 Dodging
 + Level 14.8 Stealth
 + Level 1.3 Shields
 + Level 2.8 Spellcasting
 + Level 2.7 Translocations
 + Level 11.1 Invocations


You had 19 spell levels left.
You knew the following spells:

 Your Spells              Type           Power        Failure   Level  Hunger
a - Apportation           Tloc           #.....       9%          1    #......

Your spell library contained the following spells:

 Spells                   Type           Power        Failure   Level  Hunger
 Magic Dart               Conj           #...         26%         1    #......
 Conjure Flame            Conj/Fire      #.......     63%         3    ###....
 Bolt of Cold             Conj/Ice       #.........   100%        6    #######
 Throw Frost              Conj/Ice       #.....       38%         2    ###....
 Freezing Cloud           Conj/Ice/Air   #.........   100%        6    #######
 Mephitic Cloud           Conj/Pois/Air  #.......     63%         3    ###....
 Ring of Flames           Chrm/Fire      #.........   100%        7    #######
 Summon Small Mammal      Summ           #...         26%         1    #......
 Iskenderun's Mystic Bla  Conj           #.......     95%         4    #####..
 Animate Skeleton         Necr           N/A          26%         1    #......
 Freeze                   Ice            #...         26%         1    #......
 Ozocubu's Refrigeration  Ice            #.........   100%        6    #######
 Summon Ice Beast         Ice/Summ       #.......     95%         4    #####..
 Ozocubu's Armour         Chrm/Ice       #.......     63%         3    ###....
 Ice Form                 Ice/Tmut       #.......     95%         4    #####..
 Throw Icicle             Conj/Ice       #.......     95%         4    #####..
 Confusing Touch          Hex            #.....       26%         1    #......
 Metabolic Englaciation   Hex/Ice        #.........   100%        5    ######.
 Simulacrum               Ice/Necr       #.........   100%        6    #######
 Fulminant Prism          Conj/Hex       #.........   95%         4    #####..
 Dazzling Spray           Conj/Hex       #.....       63%         3    ###....
 Force Lance              Conj/Tloc      #.......     83%         4    #####..
 Searing Ray              Conj           #.....       38%         2    ###....
 Poisonous Vapours        Pois/Air       #.....       38%         2    ###....


Dungeon Overview and Level Annotations

Branches:
Dungeon (15/15)            Temple (0/1) D:4            Lair (5/6) D:9
  Swamp (4/4) Lair:2       Spider (0/4) Lair:3        Slime (0/5) Lair:5
    Orc (2/2) D:12            Elf (0/3) Orc:2        Vaults (0/5) D:13
 Depths (0/5) D:15

Altars:
Ashenzari
Dithmenos
Elyvilon
Fedhas
Gozag
Makhleb
Ru
Sif Muna
Trog
Uskayaw
Vehumet
Xom
Yredelemnul
Zin
Beogh
Jiyva

Shops:
D:7 (   Orc:1 }   Orc:2 ?(*(:

Annotations:
D:9 3 runed doors, Gildeon's ghost, novice MiFi
D:10 2 transporters, inc's ghost, journeyman FoFi
D:15 3 runed doors, Ridoarphu's ghost, journeyman MiBe
Swamp:1 2 transporters, Lesufam's ghost, adept MiFi


Innate Abilities, Weirdness & Mutations

You have razor-sharp teeth.
You heal very quickly.
When hurt, damage is shared between your health and your magic reserves.
Your bite disrupts and absorbs the magic of your enemies.
Potions cannot restore your health.
You are immune to rotting.
You passively map a small area around you.


Message History

The fire dragon barely misses you.
The fire dragon completely misses you. x2
You are very lightly contaminated with residual magic.
The fire dragon bites you but does no damage.
The fire dragon misses you. The fire dragon closely misses you.
There is a stone staircase leading down here.
As you read the scroll of teleportation, it crumbles to dust.
You feel strangely unstable. The four-headed hydra misses you.
The four-headed hydra bites you!
* * * LOW HITPOINT WARNING * * *
The four-headed hydra closely misses you.
The four-headed hydra barely misses you.
The fire dragon barely misses you. x2; The fire dragon misses you.
You enter the shallow water.
Moving in this stuff is going to be slow. ...and don't expect to remain undetected.
The four-headed hydra roars!
The four-headed hydra bites you.
* * * LOW HITPOINT WARNING * * *
The four-headed hydra bites you!
You die...

≈.≈♣..≈...≈≈≈≈.♣♣ ♣♣♣♣♣♣♣♣≈.≈≈.
≈....≈≈.≈≈≈≈≈≈§♣♣♣♣♣♣...♣♣ ♣§≈≈≈§
..≈≈≈≈..≈≈≈≈≈≈≈...♣♣≈≈≈≈≈♣ ♣♣≈≈≈.
♣§.≈≈≈≈.≈≈≈≈≈≈≈...♣♣♣≈≈≈.♣♣ ♣§≈≈≈
♣♣♣♣♣§≈≈..≈≈≈.≈≈.≈♣ ♣♣...≈♣ ♣♣≈≈≈
♣♣≈♣♣.≈≈≈≈≈....♣ ♣.≈≈.♣ ♣≈.≈≈
♣♣♣..≈..≈≈≈§...≈♣♣ ♣♣≈≈≈♣♣ ♣♣...
♣♣..≈≈≈........≈§♣♣♣♣≈.≈♣♣ ♣...
♣..≈≈≈≈.≈♣♣♣♣♣♣§@§§§≈≈≈.♣ ♣♣♣♣
♣...≈≈≈≈≈♣ ♣...DD§§§≈≈≈≈♣♣♣ ♣♣♣♣≈
♣...≈≈≈≈.♣♣♣..≈§§§§§≈≈≈≈..♣♣♣.♣≈≈
♣≈..≈≈≈≈.♣..≈≈≈§§§§§≈...≈.♣.≈...≈
♣♣).≈≈..♣..≈≈≈≈§§§§§§≈≈≈.♣....♣..
♣≈.≈≈≈.♣≈≈≈≈≈≈≈≈.§§§≈≈≈.##.♣♣♣♣♣
♣≈≈≈.≈.♣.≈≈≈≈≈≈≈...§≈≈≈.##.≈≈♣♣
♣.≈≈≈.♣♣.≈≈≈.≈≈..>.≈≈≈§.##...≈♣
♣♣.≈≈≈≈♣♣≈>D≈≈..≈≈.≈.≈<...#...♣♣♣


You could see a fire dragon and a four-headed hydra.

Vanquished Creatures
  Kirke (D:13)
  Donald (Swamp:2)
  Louise (D:14)
  A stone giant (D:12)
  A stone giant (shapeshifter) (D:15)
  An ogre mage (Orc:1)
  2 fire dragons
  Fannar (Lair:3)
  7 vault guards (D:13)
  13 hydras
  3 centaur warriors
  A ghost crab (Swamp:4)
  6 alligators
  8 two-headed ogres
  6 death yaks
  Urug (Lair:3)
  Nergalle (Lair:2)
  3 orc high priests (Orc:2)
  A fire crab (D:12)
  3 unseen horrors
  3 swamp dragons
  A flayed ghost (D:12)
  A glowing orange brain (D:15)
  A spriggan druid (Swamp:3)
  A necromancer (IceCv)
  An orb spider (shapeshifter) (D:14)
  5 orc knights
  A harpy (shapeshifter) (D:15)
  4 deep elf magi
  13 ugly things
  5 orc sorcerers
  2 cyclopes
  2 manticores
  3 black mambas
  4 centaur zombies
  An ice statue (IceCv)
  A torpor snail (Lair:5)
  A gargoyle (D:13)
  11 spiny frogs
  3 rime drakes
  A kobold demonologist (D:13)
  5 komodo dragons
  An efreet (D:15)
  11 freezing wraiths
  A queen bee (D:8)
  4 tyrant leeches
  3 trolls
  2 polar bears
  8 hornets
  22 slime creatures
  6 bog bodies
  4 blink frogs
  5 hippogriffs
  A snapping turtle (shapeshifter) (D:12)
  4 wyverns
  A redback (Lair:3)
  18 spriggans
  A wraith (D:15)
  24 yaks
  2 basilisks (shapeshifter)
  A basilisk (D:11)
  2 steam dragons
  A death yak simulacrum (IceCv)
  2 hungry ghosts
  17 vampire mosquitoes
  A warg (Orc:1)
  6 swamp worms
  6 porcupines
  2 water moccasins
  A black bear (D:8)
  3 sky beasts
  11 swamp drakes
  27 orc warriors
  6 ice beasts (IceCv)
  15 ogres
  An eye of draining (shapeshifter) (D:12)
  3 boggarts (Lair:5)
  12 centaurs
  8 crocodiles
  4 big kobolds
  12 bullfrogs
  2 gnoll sergeants (D:10)
  A wyvern skeleton (D:13)
  6 scorpions
  23 killer bees
  36 wights
  2 howler monkeys (D:7)
  2 electric eels
  7 crimson imps
  6 draconian simulacra (IceCv)
  A bullfrog zombie (D:5)
  A jelly (D:15)
  22 orc priests
  A bullfrog skeleton (D:13)
  5 hounds
  3 centaur skeletons
  23 orc wizards
  3 iguanas
  8 hell rats
  A spriggan simulacrum (IceCv)
  14 worker ants
  2 polar bear simulacra (IceCv)
  7 troll simulacra (IceCv)
  A centaur simulacrum (IceCv)
  A wolf simulacrum (IceCv)
  A worker ant zombie (D:8)
  A howler monkey skeleton (D:10)
  10 adders
  10 gnolls
  2 ogre simulacra (IceCv)
  A river rat (D:9)
  3 naga simulacra (IceCv)
  3 shadow imps
  12 white imps (IceCv)
  A worm (D:4)
  2 dart slugs
  6 leopard geckos
  73 orcs
  2 ball pythons
  6 bats
  8 giant cockroaches
  8 goblins
  9 hobgoblins
  16 jackals
  3 quokkas
  5 frilled lizards
  23 kobolds
  2 quokka zombies
  16 rats
792 creatures vanquished.

Vanquished Creatures (others)
  A swamp dragon (Swamp:4)
  A lindwurm (Swamp:4)
  A human (D:13)
  3 swamp drakes (Swamp:4)
  A hound (D:13)
  A briar patch (Swamp:4)
  11 plants
19 creatures vanquished.

Grand Total: 811 creatures vanquished

Notes
Turn   | Place    | Note
-------+----------+-------------------------------------------
     0 | D:1      | epen the Vine Stalker Assassin began the quest for the Orb.
     0 | D:1      | Reached XP level 1. HP: 11/11 MP: 2/2
   369 | D:1      | Reached skill level 1 in Dodging
   369 | D:1      | Reached skill level 5 in Stealth
   369 | D:1      | Reached XP level 2. HP: 15/15 MP: 3/3
   651 | D:1      | Reached XP level 3. HP: 14/18 MP: 4/4
  1439 | D:2      | You fall through a shaft!
  1451 | D:3      | Gained mutation: Your natural rate of healing is unusually fast. [Vine Stalker growth]
  1451 | D:3      | Reached XP level 4. HP: 23/23 MP: 5/5
  1799 | D:2      | Found a hide-covered altar of Uskayaw.
  1911 | D:2      | Found a shadowy altar of Dithmenos.
  1927 | D:2      | Became a worshipper of Dithmenos the Shadowed
  2433 | D:3      | Reached XP level 5. HP: 26/27 MP: 6/6
  2579 | D:3      | Reached * piety under Dithmenos
  2760 | D:3      | Found a faded altar of an unknown god.
  3074 | D:4      | Found a staircase to the Ecumenical Temple.
  3109 | D:4      | Reached XP level 6. HP: 23/32 MP: 7/7
  3128 | D:4      | Reached skill level 1 in Invocations
  3217 | D:4      | Found a blossoming altar of Fedhas.
  3709 | D:5      | Entered Level 5 of the Dungeon
  3724 | D:5      | Reached XP level 7. HP: 36/36 MP: 9/9
  4066 | D:5      | Found a burning altar of Makhleb.
  4067 | D:5      | Found a shimmering altar of Xom.
  4455 | D:6      | Found a basalt altar of Yredelemnul.
  4482 | D:6      | Found a glowing silver altar of Zin.
  4508 | D:6      | Reached skill level 5 in Short Blades
  4637 | D:6      | Gained mutation: You have razor-sharp teeth. [Vine Stalker growth]
  4637 | D:6      | Reached XP level 8. HP: 37/42 MP: 8/10
  5144 | D:7      | Reached ** piety under Dithmenos
  5208 | D:7      | Found Ytrampo's Antique Weapon Boutique.
  5412 | D:7      | Found a deep blue altar of Sif Muna.
  5798 | D:8      | Noticed a queen bee
  5805 | D:8      | Found a white marble altar of Elyvilon.
  5806 | D:8      | Found a radiant altar of Vehumet.
  5845 | D:8      | Reached XP level 9. HP: 29/46 MP: 6/12
  6276 | D:8      | Reached *** piety under Dithmenos
  6336 | D:8      | Killed a queen bee
  6336 | D:8      | Reached skill level 5 in Fighting
  6861 | D:8      | Found a sacrificial altar of Ru.
  6918 | D:8      | Found a shattered altar of Ashenzari.
  7118 | D:9      | Found an opulent altar of Gozag.
  7197 | D:9      | Found a bloodstained altar of Trog.
  7250 | D:9      | Reached XP level 10. HP: 22/51 MP: 9/14
  7264 | D:9      | Reached skill level 5 in Invocations
  7399 | D:9      | Reached **** piety under Dithmenos
  7423 | D:9      | Found a runed gate.
  7459 | D:9      | Reached skill level 5 in Dodging
  7464 | D:9      | Noticed Gildeon's ghost (novice MiFi)
  7464 | D:9      | Noticed a ten-headed hydra
  7465 | D:9      | Found a runed gate.
  7465 | D:9      | Found a runed gate.
  7465 | D:9      | Noticed a ten-headed hydra
  7474 | D:9      | Noticed a death yak
  7525 | D:9      | Identified a scroll of acquirement
  7705 | D:9      | Noticed a death yak
  7706 | D:9      | Noticed a death yak
  7924 | D:9      | Found a staircase to the Lair.
  7974 | D:10     | Entered Level 10 of the Dungeon
  8006 | D:10     | Noticed a two-headed ogre
  8341 | D:10     | Noticed a two-headed ogre
  8342 | D:10     | Killed a two-headed ogre
  8434 | D:10     | Noticed a two-headed ogre
  8441 | D:10     | Killed a two-headed ogre
  8476 | D:10     | Reached XP level 11. HP: 56/56 MP: 16/16
  8480 | D:10     | Reached skill level 10 in Stealth
  8890 | D:9      | Killed a two-headed ogre
  9338 | D:10     | Reached ***** piety under Dithmenos
  9463 | D:10     | Found a transporter.
  9480 | D:10     | Noticed a sphinx
  9486 | D:10     | Noticed inc's ghost (journeyman FoFi)
  9498 | D:10     | Found a transporter.
  9671 | D:11     | Noticed a cyclops
  9870 | D:9      | Killed a death yak
 10041 | D:9      | Killed a death yak
 10115 | D:9      | Killed a death yak
 10301 | Lair:1   | Entered Level 1 of the Lair of Beasts
 10453 | Lair:1   | Reached skill level 10 in Short Blades
 10514 | Lair:1   | Noticed an eight-headed hydra
 10566 | Lair:1   | Killed an eight-headed hydra
 10566 | Lair:1   | Gained mutation: You heal very quickly. [Vine Stalker growth]
 10566 | Lair:1   | Reached XP level 12. HP: 33/63 MP: 8/18
 10921 | Lair:1   | Noticed a four-headed hydra
 10923 | Lair:1   | Killed a four-headed hydra
 11482 | Lair:2   | Found a staircase to the Swamp.
 11626 | Lair:2   | Noticed Nergalle
 11634 | Lair:2   | Killed Nergalle
 11996 | Lair:3   | Noticed Urug
 12002 | Lair:3   | Killed Urug
 12117 | Lair:3   | Noticed Fannar
 12137 | Lair:3   | Killed Fannar
 12183 | Lair:3   | Found a hole to the Spider Nest.
 12188 | Lair:3   | Reached skill level 5 in Throwing
 12846 | Lair:4   | Noticed a six-headed hydra
 13368 | Lair:4   | Got a scintillating steel ring
 13613 | Lair:4   | Identified the cursed ring "Lyfitool" {EV-3 Str+4} (You found it on level 4 of the Lair of Beasts)
 13750 | Lair:5   | Noticed a five-headed hydra
 13757 | Lair:5   | Killed a five-headed hydra
 13764 | Lair:5   | Noticed a death yak
 13767 | Lair:5   | Noticed a death yak
 13768 | Lair:5   | Noticed a death yak
 13814 | Lair:5   | Killed a death yak
 13912 | Lair:5   | Killed a death yak
 13912 | Lair:5   | Reached XP level 13. HP: 50/68 MP: 20/20
 14397 | Lair:5   | Found a viscous altar of Jiyva.
 14397 | Lair:5   | Found a staircase to the Slime Pits.
 15068 | D:11     | Found a shimmering altar of Xom.
 15173 | D:11     | Reached ****** piety under Dithmenos
 16361 | D:12     | Found a runed door.
 16740 | D:12     | Found a staircase to the Orcish Mines.
 17004 | D:12     | Noticed a stone giant
 17006 | D:12     | Killed a stone giant
 17020 | D:12     | Noticed a fire dragon
 17022 | D:12     | Killed a fire dragon
 17036 | D:12     | Got a twisted mace
 17037 | D:12     | Identified the +10 mace of Xumyul {holy, Str+2} (You found it on level 12 of the Dungeon)
 17078 | D:13     | Gained mutation: You are weak. (Str -2) [potion of mutation]
 17078 | D:13     | Gained mutation: You passively map a small area around you. [potion of mutation]
 17078 | D:13     | Lost mutation: You are weak. (Str -2) [potion of mutation]
 17093 | D:13     | Reached XP level 14. HP: 74/74 MP: 21/21
 17136 | D:13     | Found a frozen archway.
 17160 | IceCv    | Entered an ice cave
 17678 | IceCv    | Found an ancient bone altar of Kikubaaqudgha.
 18218 | D:13     | Found a gate to the Vaults.
 18572 | D:13     | Noticed Kirke
 18579 | D:13     | Killed Kirke
 19306 | D:14     | Reached skill level 10 in Invocations
 19644 | D:14     | Reached XP level 15. HP: 60/80 MP: 21/23
 19723 | D:14     | Noticed Louise
 19764 | D:14     | HP: 1/80 [Louise/demon trident of draining (5)]
 20010 | Orc:1    | Entered Level 1 of the Orcish Mines
 20047 | Orc:1    | Found a roughly hewn altar of Beogh.
 20083 | Orc:1    | Found Tuninoph's Gadget Shoppe.
 20222 | Orc:2    | Entered Level 2 of the Orcish Mines
 20548 | Orc:2    | Found a staircase to the Elven Halls.
 21140 | Orc:2    | Found Joemp's Book Shop.
 21183 | Orc:2    | Found Ischeside's Assorted Antiques.
 21183 | Orc:2    | Found Ysues's Antique Weapon Emporium.
 21208 | Orc:2    | Found Wopniurr's Weapon Emporium.
 21208 | Orc:2    | Found Vuavom's Magic Scroll Boutique.
 21217 | Orc:2    | Bought a scroll of teleportation for 36 gold pieces
 21217 | Orc:2    | Bought a scroll of teleportation for 36 gold pieces
 21217 | Orc:2    | Bought a scroll of teleportation for 36 gold pieces
 21217 | Orc:2    | Bought a scroll of teleportation for 36 gold pieces
 21217 | Orc:2    | Bought a scroll of teleportation for 36 gold pieces
 21217 | Orc:2    | Bought a scroll of enchant weapon for 90 gold pieces
 21217 | Orc:2    | Bought a scroll of fog for 24 gold pieces
 21219 | Orc:2    | Bought a scroll labeled LAFADI MINO for 38 gold pieces
 21219 | Orc:2    | Bought a scroll labeled LAFADI MINO for 38 gold pieces
 21219 | Orc:2    | Bought a potion of haste for 380 gold pieces
 21219 | Orc:2    | Bought a scroll of enchant weapon for 285 gold pieces
 21426 | Orc:1    | Reached skill level 10 in Fighting
 21815 | D:14     | Killed Louise
 21946 | D:15     | Entered Level 15 of the Dungeon
 22012 | D:15     | Found a runed gate.
 22014 | D:15     | Found a runed gate.
 22014 | D:15     | Found a runed gate.
 22033 | D:15     | Got a thick robe
 22044 | D:15     | Identified the +2 robe "Fueka" {Dex+4} (You found it on level 15 of the Dungeon)
 22408 | D:15     | Noticed Ridoarphu's ghost (journeyman MiBe)
 22507 | D:15     | Found a staircase to the Depths.
 22632 | D:15     | Noticed a shadow dragon
 22638 | D:15     | Noticed an acid blob
 22638 | D:15     | a shadow dragon changed into an acid blob
 22646 | D:15     | Noticed a shadow dragon
 22646 | D:15     | an acid blob changed into a shadow dragon
 22652 | D:15     | a shadow dragon changed into a stone giant
 23258 | Swamp:1  | Entered Level 1 of the Swamp
 23445 | Swamp:1  | Found a transporter.
 23445 | Swamp:1  | Noticed a thorn hunter
 23445 | Swamp:1  | Noticed Lesufam's ghost (adept MiFi)
 23451 | Swamp:1  | Found a transporter.
 23487 | Swamp:1  | Learned a level 1 spell: Apportation
 23802 | Swamp:1  | Reached skill level 1 in Translocations
 23807 | Swamp:1  | Reached skill level 1 in Spellcasting
 23807 | Swamp:1  | Reached XP level 16. HP: 84/86 MP: 25/25
 24246 | Swamp:2  | Noticed Donald
 24253 | Swamp:2  | Killed Donald
 25601 | Swamp:4  | Entered Level 4 of the Swamp
 26332 | Orc:2    | Bought a manual of Dodging for 1545 gold pieces
 26675 | Swamp:4  | Reached skill level 1 in Shields
 26754 | Swamp:4  | Noticed a thorn hunter
 27089 | Swamp:3  | Mangled by a four-headed hydra

Vault maps used:
D:1:      minmay_arrival_diagonal_passages, hex_intersection
D:2:      nicolae_overflow_hidden_temple, first_ration,
          grunt_dithmenos_smoke_and_mirrors
D:3:      chequers_ecumenical_altar_twisty
D:4:      fedhas_bush_and_centaur_altar, minmay_temple_entry_hall,
          minmay_close_crescents
D:5:      grunt_temple_overflow_champion_of_chaos
D:6:      nicolae_overflow_crystal_walls, lemuel_crystal_altar,
          minmay_unpleasant_kobolds
D:7:      led_sif_pool, serial_shops, shop
D:8:      kennysheep_little_box, lemuel_doored_altar,
          chequers_temple_overflow_statue_of_worship, david_nohive_1
D:9:      grunt_gozag_breadcrumbs, lightli_temple_of_fire, dpeg_lair_monsters,
          gammafunk_ghost_hydra_chop
D:10:     gammafunk_ghost_arena
D:11:     basic_altar, special_room, minmay_lizard_king
D:12:     david_orc_4, eino_small_chamber_without_monster, minivault_13
D:13:     erik_vaults_2, portal_ice_cave_rime, uniq_kirke
D:14:     hex_medium, uniq_louise
D:15:     gammafunk_enter_depths_forms, minmay_misc_feat_cross,
          gammafunk_ghost_necromancy
Lair:1:   grunt_megastairs_1, lemuel_fruit_tree, infiniplex_staircase_pool_2
Lair:2:   statuecave_lemuel, swamp_mist, grunt_megastairs_5, uniq_nergalle
Lair:3:   spider_nest_entry_webs, serial_bayou, serial_bayou_shore_a,
          serial_bayou_lake_a, serial_bayou_shore_b, serial_bayou_pond_e,
          serial_bayou_shore_b, uniq_urug, uniq_fannar
Lair:5:   kb_forest_paths, dpeg_slime_entry_enclosed_altar
Swamp:1:  gammafunk_ghost_arena, evilmike_swamp_ruin_house_1
Swamp:2:  evilmike_swamp_ruin_house_3, uniq_donald
Swamp:3:  evilmike_swamp_ruin_wall
Swamp:4:  swamp_fiery, swamp_pool5
Orc:1:    serial_shops, nicolae_shop_statue_plus, basic_altar
Orc:2:    grunt_orc_tribal_feast, serial_shops, shop
IceCv:    ice_cave_small_necro

Skill      XL: |  1  2  3  4  5  6  7  8  9 10 11 12 13 14 15 16 |
---------------+-------------------------------------------------+-----
Short Blades   | 2 3 4 5 6 7 9 10 11 12 13 14 | 14.3
Dodging        | 1 2 3 4 5 6 7 8 9 |  9.7
Stealth        | 5 6 7 8 9 10 11 12 13 14 | 14.8
Fighting       | 2 3 4 5 6 7 8 9 10 | 10.7
Invocations    | 1 2 3 4 6 7 8 9 10 11 | 11.1
Throwing       | 2 4 5 6 7 8 9 |  9.1
Translocations | 1 2 |  2.7
Spellcasting   | 1 2 |  2.8
Shields        | 1 |  1.3

Action                   |  1- 3 |  4- 6 |  7- 9 | 10-12 | 13-15 | 16-18 || total
-------------------------+-------+-------+-------+-------+-------+-------++-------
Melee: Dagger            |    88 |   226 |   536 |    74 |       |       ||   924
       Bite              |    27 |    73 |   161 |   255 |   826 |   185 ||  1527
       Short sword       |     2 |    13 |       |       |       |       ||    15
       Quick blade       |       |       |       |   576 |  1942 |   337 ||  2855
 Fire: Blowgun           |       |       |       |    26 |    17 |       ||    43
Throw: Throwing net      |       |       |       |     2 |       |       ||     2
Evoke: Wand              |       |       |     1 |     3 |       |       ||     4
  Use: Potion            |     2 |       |     1 |       |     4 |     1 ||     8
       Scroll            |       |     7 |     4 |    16 |    15 |     5 ||    47
 Stab: Sleeping          |     7 |    11 |    14 |    47 |    85 |    11 ||   175
       Distracted        |       |       |     2 |     7 |    23 |     5 ||    37
       Paralysed         |       |       |     1 |       |       |       ||     1
       Held in net/web   |       |       |       |     3 |       |       ||     3
       Fleeing           |       |       |       |     1 |       |       ||     1
       Confused          |       |       |       |       |       |     1 ||     1
  Eat: Chunk             |     2 |     7 |     8 |    14 |    23 |     2 ||    56
       Ration            |       |       |     1 |     2 |     3 |     3 ||     9
Armor: Robe              |    18 |    40 |    57 |    32 |   144 |    37 ||   328
Dodge: Dodged            |    44 |   128 |   332 |   245 |   821 |   269 ||  1839

Table legend:
 A = Spawn XP
 B = Non-spawn XP
 C = Spawn XP percentage of total XP
 D = Spawn monster count
 E = Non-spawn monster count
 F = Spawn count percentage of total count
 G = Total turns spent on level
                    A         B        C        D         E        F      G
               +---------+---------+-------+---------+---------+-------+---------
         Total |       0 |  156015 |   0.0 |       0 |     792 |   0.0 | 27089
               +---------+---------+-------+---------+---------+-------+---------
           D:1 |       0 |      60 |   0.0 |       0 |      22 |   0.0 |  1261
           D:2 |       0 |      62 |   0.0 |       0 |      27 |   0.0 |   759
           D:3 |       0 |     107 |   0.0 |       0 |      27 |   0.0 |   841
           D:4 |       0 |     358 |   0.0 |       0 |      12 |   0.0 |   848
           D:5 |       0 |     470 |   0.0 |       0 |      11 |   0.0 |   682
           D:6 |       0 |     296 |   0.0 |       0 |      10 |   0.0 |   700
           D:7 |       0 |     902 |   0.0 |       0 |      19 |   0.0 |   702
           D:8 |       0 |    2263 |   0.0 |       0 |      40 |   0.0 |  1330
           D:9 |       0 |    6343 |   0.0 |       0 |      46 |   0.0 |  2130
          D:10 |       0 |    4081 |   0.0 |       0 |      44 |   0.0 |  1284
          D:11 |       0 |    6748 |   0.0 |       0 |      71 |   0.0 |  1172
          D:12 |       0 |    8083 |   0.0 |       0 |      34 |   0.0 |  1152
          D:13 |       0 |   16711 |   0.0 |       0 |      46 |   0.0 |  1396
          D:14 |       0 |   11436 |   0.0 |       0 |      29 |   0.0 |  1020
          D:15 |       0 |   13343 |   0.0 |       0 |      32 |   0.0 |  1006
        Lair:1 |       0 |    5318 |   0.0 |       0 |      17 |   0.0 |  1229
        Lair:2 |       0 |    2089 |   0.0 |       0 |       7 |   0.0 |   854
        Lair:3 |       0 |    4793 |   0.0 |       0 |      16 |   0.0 |  1021
        Lair:4 |       0 |    2202 |   0.0 |       0 |       8 |   0.0 |   553
        Lair:5 |       0 |    9918 |   0.0 |       0 |      35 |   0.0 |  1315
       Swamp:1 |       0 |   12083 |   0.0 |       0 |      30 |   0.0 |   901
       Swamp:2 |       0 |    7135 |   0.0 |       0 |      16 |   0.0 |   719
       Swamp:3 |       0 |   10826 |   0.0 |       0 |      26 |   0.0 |  1293
       Swamp:4 |       0 |    8446 |   0.0 |       0 |      26 |   0.0 |   347
         Orc:1 |       0 |    5591 |   0.0 |       0 |      19 |   0.0 |   576
         Orc:2 |       0 |    9992 |   0.0 |       0 |      68 |   0.0 |  1243
         IceCv |       0 |    6359 |   0.0 |       0 |      54 |   0.0 |   755
               +---------+---------+-------+---------+---------+-------+---------
